 Dungeon Crawl Stone Soup version 0.26-a0-667-g92642533e4 (webtiles) character file.

Game seed: 6357083109627901608

61 grandjackal the Slasher (level 3, -3/28 HPs)
             Began as a Demonspawn Gladiator on Oct 17, 2020.
             Slain by an orc wizard
             ... wielding a +1 dagger of draining
              (4 damage)
             ... on level 3 of the Dungeon.
             The game lasted 00:01:49 (1323 turns).

grandjackal the Slasher (Demonspawn Gladiator)      Turns: 1323, Time: 00:01:50

Health: -3/28      AC:  4    Str: 15    XL:     3   Next: 83%
Magic:  3/3        EV: 13    Int:  9    God:
Gold:   90         SH:  4    Dex: 14    Spells: 2/2 levels left

rFire    . . .     SeeInvis .   a - +0 long sword
rCold    . . .     Faith    .   (no shield)
rNeg     . . .     Spirit   .   b - +0 leather armour
rPois    .         Reflect  .   (helmet restricted)
rElec    .         Harm     .   (no cloak)
rCorr    .         Rampage  .   (no gloves)
MR       .....                  s - +0 pair of boots
Stlth    +.........             (no amulet)
HPRegen  0.09/turn              (no ring)
MPRegen  0.08/turn              (no ring)

@: lightly drained
A: horns 1, large bone plates 1
a: no special abilities


You were on level 3 of the Dungeon.
You visited 1 branch of the dungeon, and saw 3 of its levels.

You collected 90 gold pieces.

Inventory:

Hand Weapons
 a - a +0 long sword (weapon)
Missiles
 d - 3 throwing nets (quivered)
 t - a stone
Armour
 b - a +0 leather armour (worn)
 s - a +0 pair of boots (worn)
Wands
 n - a wand of random effects (8)
Scrolls
 f - 3 scrolls of identify {unknown}
 h - 4 scrolls of teleportation {unknown}
 i - a scroll of immolation {unknown}
 k - a scroll of enchant armour {unknown}
 l - a scroll of remove curse {unknown}
 q - a scroll of magic mapping {unknown}
Potions
 c - 2 potions of ambrosia {unknown}
 e - a potion of brilliance {unknown}
 g - a potion of curing {unknown}
 j - a potion of heal wounds {unknown}
 m - a potion of berserk rage {unknown}
 o - a potion of stabbing {unknown}
 p - 4 potions of might {unknown}
 r - a potion of mutation {unknown}


   Skills:
 + Level 2.8(2.4) Fighting
 + Level 3.3(2.8) Long Blades
 - Level 1.7(1.3) Throwing
 + Level 3.3(2.8) Dodging


You had 2 spell levels left.
You didn't know any spells.
Your spell library was empty.

Dungeon Overview and Level Annotations

Branches:
Dungeon (3/15)

Altars:


Innate Abilities, Weirdness & Mutations

You have a pair of small horns on your head.
You are partially covered in large bone plates. (SH +4)


Message History

The orc wizard looks braver for a moment.
You hit the orc wizard but do no damage.
The orc wizard is heavily wounded.
The orc wizard closely misses you. You block the orc wizard's attack.
You hit the orc wizard.
The orc wizard is heavily wounded.
The orc wizard misses you.
You riposte.
You barely miss the orc wizard.
The orc wizard is heavily wounded.
The orc wizard hits you with a +1 dagger of draining.
You feel drained.
You closely miss the orc wizard.
The orc wizard is heavily wounded.
The orc wizard points at you and mumbles some strange words.
The puff of frost hits you!
* * * LOW HITPOINT WARNING * * *
The orc wizard completely misses you.
You hit the orc wizard.
The orc wizard is severely wounded.
The orc wizard hits you with a +1 dagger of draining.
You die...

###. #... #
#.#. .#...
## .... .
#.K .#
#o##(#
##@..####.
#†<.......
#.##.#.#...
#.# .# # #
#. .# # .#
.# .# .#


You could see an orc wizard (fast) and a kobold.

Vanquished Creatures
  An orc wizard (D:3)
  A dart slug (D:1)
  An orc (D:3)
  4 bats
  5 giant cockroaches
  5 hobgoblins
  2 quokkas
  A ball python (D:2)
  3 frilled lizards (D:1)
  5 goblins
  A kobold (D:1)
  2 rats (D:2)
31 creatures vanquished.

Notes
Turn   | Place    | Note
-------+----------+-------------------------------------------
     0 | D:1      | grandjackal the Demonspawn Gladiator began the quest for
                  | the Orb.
     0 | D:1      | Reached XP level 1. HP: 16/16 MP: 1/1
   438 | D:1      | Gained mutation: You have a pair of small horns on your
                  | head. [demonic ancestry]
   438 | D:1      | Reached XP level 2. HP: 22/22 MP: 2/2
  1066 | D:2      | Gained mutation: You are partially covered in large bone
                  | plates. (SH +4) [demonic ancestry]
  1066 | D:2      | Reached XP level 3. HP: 28/28 MP: 3/3
  1322 | D:3      | HP: 1/28 [orc wizard/puff of frost (8)]
  1323 | D:3      | Slain by an orc wizard

Illustrated notes

Levels and vault maps discovered:
D:1:      dpeg_arrival_simpleton_b, layout_loops_corners
D:2:      layout_rooms
D:3:      layout_loops_ring, ebering_ghost_sewer_f, uniq_grinder, uniq_sigmund

Skill      XL: |  1  2 |
---------------+-------+-----
Long Blades    | 3 |  3.3
Dodging        | 3 |  3.3
Fighting       | |  2.8
Throwing       | |  1.7

Action                   || total
-------------------------++-------
Melee: Long sword        ||    78
       Headbutt          ||    10
 Stab: Sleeping          ||     1
Armor: Leather armour    ||    23
Dodge: Dodged            ||    53
Block: Other             ||     9
       Rpst.: Long sword ||    11

Table legend: (Time is in decaauts)
 A = Elapsed time spent in this place.
 B = Non-inter-level travel time spent in this place.
 C = Inter-level travel time spent in this place.
 D = Time resting spent in this place.
 E = Time spent auto-exploring this place.
 F = Levels seen in this place.
 G = Mean time per level.
                   A        B        C        D        E       F      G
               +--------+--------+--------+--------+--------+-----+--------+
         Total |   1342 |   1272 |     70 |    106 |    956 |   3 |  447.3 |
       Dungeon |   1342 |   1272 |     70 |    106 |    956 |   3 |  447.3 |
               +--------+--------+--------+--------+--------+-----+--------+

Top non-repeatable levels by time:
     D:1: 808 daAuts
     D:2: 507 daAuts
     D:3: 26 daAuts
